 Dungeon Crawl Stone Soup version 0.14-a0-1590-g25a9b7f (webtiles) character file.

692 ReteAZ the Magician (level 7, 0/36 HPs)
             Began as a Deep Elf Fire Elementalist on Dec 23, 2013.
             Was a Follower of Sif Muna.
             Killed from afar by Sigmund (4 damage)
             ... with a puff of flame
             ... on Level 4 of the Dungeon.
             The game lasted 00:27:00 (3866 turns).

ReteAZ the Magician (Deep Elf Fire Elementalist)    Turns: 3866, Time: 00:27:00

HP   0/36        AC  6     Str  9      XL: 7   Next: 17%
MP   4/24        EV 13     Int 22      God: Sif Muna [*.....]
Gold 95          SH  0     Dex 15      Spells:  4 memorised,  9 levels left

rFire  . . .     SeeInvis .     (no weapon)
rCold  . . .     Clarity  .     t - +2 robe {rN+}
rNeg   + . .     Conserve .     (no shield)
rPois  .         rCorr    .     (no helmet)
rElec  .         rRot     .     (no cloak)
SustAb . .       Spirit   .     h - +0 pair of gloves
rMut   .         Warding  .     (no boots)
Gourm  +         Stasis   .     F - amulet of the gourmand
                                u - +4 ring of strength
                                C - +1 ring of protection

@: slightly resistant to hostile enchantments, fairly stealthy
A: no striking features
a: Channel Energy, Renounce Religion


You were on level 4 of the Dungeon.
You worshipped Sif Muna.
Sif Muna was aware of your devotion.
You were not hungry.

You visited 1 branch of the dungeon, and saw 4 of its levels.

You collected 95 gold pieces.

Inventory:

Missiles
 m - 4 silver javelins (quivered)
 A - 29 darts
Armour
 a - a +0 elven robe
 h - a +0 pair of gloves (worn)
 t - a +2 robe of positive energy (worn)
Comestibles
 c - 2 bread rations
 r - a banana
 v - a choko
 E - 12 strawberries
 G - a meat ration
Scrolls
 f - 4 scrolls of identify {unknown}
 i - a scroll of enchant weapon I {unknown}
 n - a scroll of curse jewellery {unknown}
 o - 5 scrolls of blinking {unknown}
 p - 3 scrolls of random uselessness {unknown}
 s - 2 scrolls of remove curse {unknown}
 x - 2 scrolls of teleportation {unknown}
 y - 2 scrolls of enchant armour {unknown}
 z - a scroll of noise {unknown}
Jewellery
 u - a +4 ring of strength (right hand)
 C - a +1 ring of protection (left hand)
 F - an amulet of the gourmand (around neck)
Potions
 d - a potion of brilliance {unknown}
 e - a potion of agility {unknown}
 g - 3 potions of curing {unknown}
 j - a potion of lignification {unknown}
 k - a potion of paralysis {unknown}
 l - a potion of degeneration {unknown}
 q - 2 potions of restore abilities {unknown}
 w - 2 potions of poison {unknown}
 B - a potion of cure mutation {unknown}
 D - 2 potions of resistance {unknown}
Books
 b - a book of Flames

   Spells                             Type                      Level
   *Flame Tongue                      Conjuration/Fire             1
   *Throw Flame                       Conjuration/Fire             2
   *Conjure Flame                     Conjuration/Fire             3
   Inner Flame                        Hexes/Fire                   3
   *Sticky Flame                      Conjuration/Fire             4
   Fireball                           Conjuration/Fire             5


   Skills:
 - Level 2.4 Dodging
 - Level 2.4 Stealth
 + Level 6.6 Spellcasting
 + Level 5.0 Conjurations
 + Level 5.7 Fire Magic


You had 9 spell levels left.
You knew the following spells:

 Your Spells              Type           Power        Failure   Level  Hunger
a - Flame Tongue          Conj/Fire      ####.        1%          1    None
b - Conjure Flame         Conj/Fire      ####....     2%          3    #......
c - Throw Flame           Conj/Fire      ####..       1%          2    None
d - Sticky Flame          Conj/Fire      ####....     12%         4    ###....


Dungeon Overview and Level Annotations

Branches:
Dungeon (4/16)             Temple (0/1) D:4

Altars:
Sif Muna
Trog
Jiyva

Annotations:
D:4 Sigmund


Message History

Aiming: Conjure Flame
Press: ? - help, Dir - move target cursor The fire roars!
Casting: Conjure Flame
Confirm with . or Enter, or press ? or * to list all spells.
You don't have enough magic to cast that spell.
Your magical contamination has completely faded away.
Sigmund gestures at you while chanting. The magic dart hits you!
Sigmund zaps a wand.
The puff of flame hits you!
Sigmund zaps a wand.
The puff of flame hits you! Sigmund gestures at you while chanting.
The magic dart hits you!
Sigmund zaps a wand.
The puff of flame hits you!
* * * LOW HITPOINT WARNING * * *
There is a stone staircase leading up here.
You see here 5 darts.
Sigmund points at you and mumbles some strange words.
The puff of flame hits you!
You die...

################
##....<##.#.....#
#......###......#
#.#....)<#...%_..#
#........@.......#
.#.........)......###
.#.................#.#
####...................####
##.#.#.....................#
#...#.#...................####
###.....#...........(.......#.#
.##.........@......>..(......>#
...#..........................###


You could see Sigmund.

Vanquished Creatures
  The ghost of runewalsh the Sneak, an average OpWz of Nemelex Xobeh (D:3)
  A phantom (D:4)
  An iguana (D:3)
  A worker ant (D:4)
  3 orc wizards
  Jessica (D:2)
  6 adders
  6 gnolls (D:2)
  A giant mite (D:3)
  2 worms (D:4)
  2 giant geckos
  6 oozes
  7 orcs
  2 ball pythons (D:1)
  7 bats
  4 giant cockroaches
  8 goblins
  7 hobgoblins
  13 jackals
  11 kobolds
  3 quokkas
  2 giant newts
  8 rats
103 creatures vanquished.

Notes
Turn   | Place    | Note
--------------------------------------------------------------
     0 | D:1      | ReteAZ, the Deep Elf Fire Elementalist, began the quest for the Orb.
     0 | D:1      | Reached XP level 1. HP: 10/10 MP: 5/5
   347 | D:1      | Reached XP level 2. HP: 15/15 MP: 1/8
  1122 | D:2      | Reached XP level 3. HP: 19/19 MP: 11/11
  1132 | D:2      | Learned a level 3 spell: Conjure Flame
  1295 | D:2      | Reached skill level 4 in Spellcasting
  1363 | D:2      | Reached XP level 4. HP: 15/24 MP: 8/15
  1373 | D:2      | Found a deep blue altar of Sif Muna.
  1394 | D:2      | Became a worshipper of Sif Muna the Loreminder
  1884 | D:2      | Noticed Jessica
  1894 | D:2      | Killed Jessica
  2189 | D:2      | Found a bloodstained altar of Trog.
  2504 | D:3      | Reached XP level 5. HP: 25/28 MP: 10/18
  2525 | D:3      | Noticed runewalsh's ghost (average OpWz)
  2687 | D:3      | Reached skill level 5 in Spellcasting
  3137 | D:3      | Killed runewalsh's ghost
  3137 | D:3      | Acquired Sif Muna's first power
  3137 | D:3      | Reached skill level 5 in Fire Magic
  3137 | D:3      | Reached XP level 6. HP: 18/32 MP: 2/21
  3417 | D:4      | Reached skill level 6 in Spellcasting
  3437 | D:4      | Found a viscous altar of Jiyva.
  3643 | D:4      | Reached XP level 7. HP: 36/36 MP: 12/24
  3789 | D:4      | Learned a level 2 spell: Throw Flame
  3794 | D:4      | Learned a level 4 spell: Sticky Flame
  3798 | D:4      | Found a staircase to the Ecumenical Temple.
  3809 | D:4      | Reached skill level 5 in Conjurations
  3841 | D:4      | Noticed Sigmund
  3866 | D:4      | Killed from afar by Sigmund

Action                   |  1- 3 |  4- 6 |  7- 9 || total
-------------------------+-------+-------+-------++-------
Melee: Unarmed           |     4 |     5 |       ||     9
Throw: Javelin           |     9 |    12 |     4 ||    25
 Cast: Flame Tongue      |    48 |   126 |    18 ||   192
       Conjure Flame     |     1 |    29 |     4 ||    34
       Throw Flame       |       |       |     8 ||     8
 Stab: Sleeping          |     1 |       |       ||     1
